 Dungeon Crawl Stone Soup version 0.17-a0-1421-g95311d7 (console) character file.

4121 Fusha the Covert (level 10, -12/44 HPs)
             Began as a Vine Stalker Enchanter on June 24, 2015.
             Was a Believer of Ashenzari.
             Blown up by a centaur (16 damage)
             ... with a wand of disintegration
             ... on level 8 of the Dungeon.
             The game lasted 01:03:26 (9180 turns).

Fusha the Covert (Vine Stalker Enchanter)           Turns: 9180, Time: 01:03:26

Health: -12/44     AC:  9    Str: 11    XL:     10   Next: 27%
Magic:  0/27       EV: 11    Int: 16    God:    Ashenzari [**....]
Gold:   344        SH:  0    Dex: 17    Spells: 5 memorised, 5 levels left

rFire  . . .     SeeInvis .     a - +2 dagger
rCold  . . .     Clarity  .     r - +0 scale mail (curse)
rNeg   . . .     SustAt   .     (no shield)
rPois  .         Gourm    .     l - +1 helmet
rElec  .         Spirit   +     j - +0 cloak
rCorr  .         Warding  .     (no gloves)
rMut   .         Rnd*Tele +     (no boots)
MR     +....                    (no amulet)
Stlth  +++.......               i - ring of magical power
                                g - ring of teleportation (curse)

@: somewhat resistant to hostile enchantments, fairly stealthy
A: fangs 3, high mp 1, regeneration 2, magic shield, antimagic bite, no device
heal 3, rot immunity
a: Scrying, Renounce Religion, Evoke Teleportation


You were on level 8 of the Dungeon.
You worshipped Ashenzari.
Ashenzari was pleased with you.
You were not hungry.

You visited 1 branch of the dungeon, and saw 8 of its levels.

You collected 449 gold pieces.

Inventory:

Hand weapons
 a - a +2 dagger (weapon)
 u - a +0 blowgun
 y - a +1 long sword of holy wrath
Missiles
 t - 3 throwing nets (quivered)
 v - 26 poisoned needles
Armour
 b - a +1 robe
 j - a +0 cloak (worn)
 l - a +1 helmet (worn)
 r - a cursed +0 scale mail (worn)
 D - a +0 buckler
Magical staves
 A - an uncursed staff of earth
Jewellery
 f - an uncursed ring of ice
 g - a cursed ring of teleportation (left hand)
 i - a ring of magical power (right hand)
 C - an uncursed ring of positive energy
Magical devices
 q - a wand of fireball (0)
 w - a wand of fireball (9)
 B - a wand of cold (1)
 F - a wand of slowing (17)
Scrolls
 e - 5 scrolls of teleportation
 n - 2 scrolls of enchant weapon
 x - 3 scrolls of identify
Potions
 h - 2 potions of cancellation
 m - a potion of magic
 o - a potion of mutation
 s - 2 potions of curing
 E - 2 potions of might {unknown}
Books
 c - a book of Maledictions

   Spells                             Type                      Level
   a - Corona                         Hexes                        1
   b - Ensorcelled Hibernation        Hexes/Ice                    2
   c - Confuse                        Hexes                        3
   d - Tukima's Dance                 Hexes                        3
   e - Dazzling Spray                 Conjuration/Hexes            3
 z - Vehumet's Incunabulum of Torrid Conjuration
   (You found it on level 5 of the Dungeon)

   Spells                             Type                      Level
   a - Sticky Flame                   Conjuration/Fire             4
   b - Fireball                       Conjuration/Fire             5
   c - Bolt of Fire                   Conjuration/Fire             6
Miscellaneous
 p - a plain deck of wonders {drawn: 2}
Comestibles
 d - 5 bread rations


   Skills:
 * Level 7.2 Short Blades
 + Level 4.6 Dodging
 * Level 10.1 Stealth
 - Level 4.0 Spellcasting
 * Level 7.7 Hexes
 + Level 2.4 Evocations


You had 5 spell levels left.
You knew the following spells:

 Your Spells              Type           Power        Failure   Level  Hunger
a - Corona                Hex            ####...      6%          1    None
b - Confuse               Hex            ####....     14%         3    ###....
c - Tukima's Dance        Hex            ####....     14%         3    ###....
d - Ensorcelled Hibernat  Hex/Ice        ###...       38%         2    ##.....
e - Dazzling Spray        Conj/Hex       ###.....     77%         3    ###....


Dungeon Overview and Level Annotations

Branches:
Dungeon (8/15)             Temple (0/1) D:4            Lair (0/8) D:8

Altars:
Ashenzari
Dithmenos
Elyvilon
Gozag
Kikubaaqudgha
Makhleb
Qazlal
Sif Muna
Trog
Vehumet

Shops:
D:7 =

Annotations:
D:5 quik's ghost, experienced KoBe


Innate Abilities, Weirdness & Mutations

You have razor-sharp teeth.
You heal very quickly.
When hurt, damage is shared between your health and your magic reserves.
Your bite disrupts and absorbs the magic of your enemies.
Potions and wands cannot restore your health.
You are immune to rotting.
You have an increased reservoir of magic (+10% MP).


Message History

You kill the rat!
Your magical contamination has completely faded away.
The centaur shoots an arrow.
The arrow closely misses you.
The centaur shoots an arrow.
The arrow barely misses you.
The centaur shoots an arrow.
The arrow hits you.
You see here 2 arrows.
The centaur shoots an arrow.
The arrow barely misses you.
The centaur zaps a wand.
You resist with some effort.
It is a wand of disintegration.
The centaur zaps a wand.
You are blasted!
The centaur zaps a wand.
You are blasted!
The centaur zaps a wand.
You resist with some effort.
The centaur zaps a wand.
You are blasted!
* * * LOW HITPOINT WARNING * * *
Drink which item? (? for menu, Esc to quit)
Okay, then.
Read which item? (? for menu, Esc to quit)
As you read the scroll of fog, it crumbles to dust.
The scroll dissolves into smoke.
The centaur zaps a wand.
You are blasted!
You die...

###.** ##....PP.P........#.###..
#t####...##.............#.#*...
#...t..## ####....####....##..#
*##..#* ##.## *##......# ##..##
#...#* ###.....#.# #.(##
,....###........%# ###.##
{{...##...c.....# ....##
######§###.........
/.(..##########§@§c§.(().#)..#.##
..o.......†..(§§####.#####.(..<##
.....############ #....#†)......
###### ####.#....(... ####
#..))[..<.. ##).## ##.......(.
##>)†)## ###..###.## #......#
##..)(.|...[ #......#
#).##.[.....


You could see a centaur.

Vanquished Creatures
  2 hippogriffs
  2 yaks
  A deep elf fighter (D:7)
  5 orc warriors
  6 ogres
  A black bear (D:7)
  3 ice beasts
  A big kobold (D:8)
  2 crocodiles
  4 centaurs
  3 scorpions
  5 crimson imps
  5 hounds
  3 orc priests
  A centaur zombie (D:6)
  A gnoll shaman (D:4)
  A jelly (D:5)
  10 orc wizards
  An iguana (D:6)
  6 worker ants
  2 killer bee zombies
  A hound skeleton (D:6)
  A hound zombie (D:5)
  A worker ant zombie (D:7)
  8 gnolls
  2 river rats (D:7)
  15 adders
  2 shadow imps
  4 oozes
  An adder skeleton (D:5)
  An adder zombie (D:5)
  9 giant geckos
  26 orcs
  A ball python (D:4)
  2 bat skeletons (D:4)
  A bat zombie (D:5)
  7 giant cockroaches
  19 hobgoblins
  14 jackals
  2 quokkas
  17 bats
  5 giant newts
  10 goblins
  22 kobolds
  A quokka zombie (D:3)
  21 rats
258 creatures vanquished.

Vanquished Creatures (collateral kills)
  A phantom (D:7)
  An iguana (D:8)
  3 orcs (D:8)
  A quokka (D:8)
6 creatures vanquished.

Vanquished Creatures (others)
  A big kobold (D:8)
  4 fungi (D:8)
5 creatures vanquished.

Grand Total: 269 creatures vanquished

Notes
Turn   | Place    | Note
--------------------------------------------------------------
     0 | D:1      | Fusha the Vine Stalker Enchanter began the quest for the Orb.
     0 | D:1      | Reached XP level 1. HP: 9/9 MP: 4/4
     9 | D:1      | Reached skill level 1 in Short Blades
   188 | D:1      | Reached XP level 2. HP: 2/13 MP: 3/6
   379 | D:1      | Reached XP level 3. HP: 13/16 MP: 7/7
   384 | D:1      | Learned a level 3 spell: Confuse
   741 | D:2      | Reached skill level 4 in Stealth
   954 | D:2      | Reached XP level 4. HP: 18/21 MP: 8/8
  1200 | D:2      | Gained mutation: You have an increased reservoir of magic (+10% MP). [potion of beneficial mutation]
  1634 | D:3      | Found a shattered altar of Ashenzari.
  1642 | D:3      | Became a worshipper of Ashenzari the Shackled
  1828 | D:3      | Reached XP level 5. HP: 14/24 MP: 1/10
  1963 | D:3      | Found a faded altar to an unknown god.
  2236 | D:3      | Found an ancient bone altar of Kikubaaqudgha.
  2503 | D:4      | Reached skill level 5 in Stealth
  2503 | D:4      | Gained mutation: You heal very quickly. [Vine Stalker growth]
  2503 | D:4      | Reached XP level 6. HP: 25/28 MP: 10/12
  2657 | D:4      | Found a radiant altar of Vehumet.
  2909 | D:4      | Noticed an ogre
  3016 | D:4      | Killed an ogre
  3177 | D:5      | Entered Level 5 of the Dungeon
  3195 | D:4      | Reached XP level 7. HP: 32/32 MP: 13/13
  3413 | D:4      | Found a stormy altar of Qazlal.
  3413 | D:4      | Found a burning altar of Makhleb.
  3415 | D:4      | Found an opulent altar of Gozag.
  3417 | D:4      | Found a bloodstained altar of Trog.
  3480 | D:4      | Noticed an ogre
  3669 | D:4      | Killed an ogre
  3669 | D:4      | Reached skill level 6 in Stealth
  3669 | D:4      | Reached skill level 5 in Hexes
  3675 | D:4      | Learned a level 3 spell: Tukima's Dance
  3678 | D:4      | Learned a level 2 spell: Ensorcelled Hibernation
  3682 | D:4      | Learned a level 3 spell: Dazzling Spray
  4036 | D:4      | Found a staircase to the Ecumenical Temple.
  4468 | D:5      | Gained mutation: You have razor-sharp teeth. [Vine Stalker growth]
  4468 | D:5      | Reached XP level 8. HP: 36/36 MP: 15/15
  4488 | D:5      | Found a large runed door.
  4488 | D:5      | Found a large runed door.
  4488 | D:5      | Found a large runed door.
  4488 | D:5      | Found a large runed door.
  4586 | D:5      | Noticed quik's ghost (experienced KoBe)
  4757 | D:6      | Reached skill level 7 in Stealth
  4961 | D:6      | Found a staircase to the Ecumenical Temple.
  5086 | D:6      | Found a white marble altar of Elyvilon.
  5786 | D:5      | Reached skill level 5 in Short Blades
  6223 | D:5      | Reached skill level 8 in Stealth
  6323 | D:5      | Reached XP level 9. HP: 36/39 MP: 17/17
  6666 | D:5      | Identified Vehumet's Incunabulum of Torrid Conjuration (You found it on level 5 of the Dungeon)
  6837 | D:7      | Found Fudujag's Jewellery Shoppe.
  6890 | D:7      | Hired Pazuoq the big kobold for 105 gold.
  6894 | D:7      | Found a deep blue altar of Sif Muna.
  7085 | D:7      | Reached skill level 1 in Evocations
  7156 | D:7      | Acquired Ashenzari's first power
  7683 | D:8      | Reached skill level 9 in Stealth
  7728 | D:8      | Your ally Pazuoq died
  8202 | D:8      | Found a shadowy altar of Dithmenos.
  8653 | D:7      | Reached XP level 10. HP: 44/44 MP: 18/18
  8910 | D:8      | Found a staircase to the Lair.
  9108 | D:8      | Reached skill level 10 in Stealth
  9180 | D:8      | Blown up by a centaur

Vault maps used:
D:1:      lightli_iron_boxes, minmay_bisected
D:3:      lemuel_round_altar, lemuel_crystal_altar, ecumenical_altar_2,
          first_bread
D:4:      nicolae_overflow_crystal_walls, minitemple,
          minmay_temple_entry_poolview
D:5:      dk_noncrumbling_2, minmay_hollow_rounded_squares
D:6:      minmay_temple_entry_glass, elyvilon_altar_1
D:7:      serial_shops, shop, tgw_sif
D:8:      grunt_lair_entry_elf_guard_hut, basic_altar, grunt_pizzeria

Action                   |  1- 3 |  4- 6 |  7- 9 | 10-12 || total
-------------------------+-------+-------+-------+-------++-------
Melee: Dagger            |   112 |   432 |   802 |   120 ||  1466
Throw: Throwing net      |       |       |     1 |       ||     1
 Cast: Corona            |    10 |    31 |    58 |       ||    99
       Confuse           |       |     4 |    37 |    13 ||    54
Evoke: Wand              |       |     2 |     1 |       ||     3
       Deck              |       |       |     2 |       ||     2
  Use: Scroll            |       |     8 |     8 |     1 ||    17
       Potion            |       |     4 |     7 |       ||    11
 Stab: Sleeping          |     2 |     2 |     8 |       ||    12
       Confused          |       |     1 |    10 |     5 ||    16
       Distracted        |       |       |     2 |     1 ||     3
  Eat: Fruit             |       |     5 |     5 |       ||    10
       Beef jerky        |       |     1 |     1 |       ||     2
       Meat ration       |       |     1 |     3 |       ||     4
       Pizza             |       |       |     1 |       ||     1
       Bread ration      |       |       |       |     1 ||     1
